[Event "Early-Titled-Tuesday-Blitz-August-29-2023"]
[Site "Chess.com"]
[Date "2023.08.29"]
[Round "1"]
[White "Nathan_Filgueiras"]
[Black "Rud_Makarian"]
[Result "0-1"]
[WhiteElo "2514"]
[BlackElo "3014"]
[TimeControl "180+1"]
[EndTime "8:07:40 PDT"]
[Termination "Rud_Makarian won by resignation"]

1. e4 c5 2. Nf3 Nc6 3. d4 cxd4 4. Nxd4 Nf6 5. Nc3 d6 6. Bg5 Bd7 7. Qd2 h6 8. Be3 Ng4 9. Nxc6 bxc6 10. Bf4 Rb8 11. b3 e5 12. Bg3 Be7 13. Bc4 O-O 14.
O-O Kh8 15. h3 Nf6 16. Qe2 Be6 17. Rad1 Qc8 18. Bh2 Nd7 19. Nb1 Nb6 20. Bxe6 Qxe6 21. c4 a5 22. Nc3 Nd7 23. Na4 f5 24. exf5 Rxf5 25. f4 Rbf8 26. fxe5 Nxe5 27. Rxf5 Rxf5 28. Nc3 Qf7 29. Rf1 Rxf1+ 30. Qxf1 Qe6 31. Qe2 Bf6 32. Ne4 Be7 33. Nf2 Qf5 34. Bxe5 dxe5 35. Ne4 Kh7 36. Qf3 Qxf3 37. gxf3 Kg6 38. Kf2 Kf5 39. Ke3 g6 40. Ng3+ Kg5 41. Ke4 Kh4 42. Ne2 Kxh3 43. Kxe5 Kg2 44.
Nf4+ Kxf3 45. Nxg6 Bb4 46. Ke6 h5 47. Kd7 c5 48. Ke6 Kg3 49. Kd5 h4 50. Ke4 h3 0-1

[Event "Early-Titled-Tuesday-Blitz-August-29-2023"]
[Site "Chess.com"]
[Date "2023.08.29"]
[Round "1"]
[White "InitiatingASC"]
[Black "Druid24"]
[Result "0-1"]
[WhiteElo "2347"]
[BlackElo "2661"]
[TimeControl "180+1"]
[EndTime "8:07:40 PDT"]
[Termination "Druid24 won by checkmate"]

1. Nf3 Nf6 2. g3 g6 3. Bg2 Bg7 4. O-O O-O 5. c4 d6 6. d3 e5 7.
Nc3 Nc6 8. Rb1 a5 9. Ne1 Be6 10. Nc2 Qd7 11. Ne3 Bh3 12. Ncd5 Bxg2 13. Kxg2 Nd4 14.
Nxf6+ Bxf6 15. Nd5 Bg7 16. Bg5 h6 17. Be3 Nf5 18. Qd2 Kh7 19. b4 axb4 20. Rxb4 b6 21. g4 Nxe3+ 22. Nxe3 f5 23. h3 fxg4 24. hxg4 Rf4 25.
f3 Rff8 26. Rh1 Kg8 27. Nd5 g5 28. Rbb1 Ra3 29. Ne3 Qa4 30. Nf5 Rxa2 31. Qe3 Qc2 32. Rbe1 Qd2 33. Qxd2 Rxd2 34. Nxh6+ Bxh6 35. Rxh6 Kg7 36. Rh5 Kf6 37. Kf2 Rg8 38. Reh1 Rb2 39. Rh7 Rg7 40.
Rh8 b5 41. R1h6+ Ke7 42. cxb5 Rxb5 43. Rc8 Rc5 44. Rhh8 Kd7 45. Rhd8+ Kc6 46. Rg8 Rh7 47. Rxg5 Rh2+ 48. Ke3 Rc2 49. Rg7 Rcxe2# 0-1

[Event "Early-Titled-Tuesday-Blitz-August-29-2023"]
[Site "Chess.com"]
[Date "2023.08.29"]
[Round "1"]
[White "GAusal"]
[Black "temiksmozg"]
[Result "0-1"]
[WhiteElo "2324"]
[BlackElo "2648"]
[TimeControl "180+1"]
[EndTime "8:07:40 PDT"]
[Termination "temiksmozg won on time"]

1. d4 Nf6 2. Nf3 e6 3. Bf4 d5 4. e3 Bd6 5. Ne5 O-O 6. c3 c5 7. Bd3 Nc6 8. Nd2 Qc7 9. Ndf3 b6 10. O-O Bb7 11. Nxc6 Bxc6 12. Bxd6 Qxd6 13. Ne5 Rfc8 14. f4 b5 15. g4 b4 16. g5 Ne4 17. Rf3 bxc3 18.
bxc3 Nxc3 19. Bxh7+ Kf8 20. Qe1 cxd4 21. exd4 Bb5 22.
Rxc3 f6 23. gxf6 gxf6 24. Ng6+ Ke8 25. Re3 Kd7 26. Qh4 Rc2 27. Qxf6 Rac8 28. Ne5+ Kc7 29. a4 Bc4 30. Qf7+ Kb6 31. Rb1+ Ka5 32. Qxa7+ Ba6 33. Reb3 Rc1+ 34. Kg2 Rxb1 35. Rxb1 Rc2+ 36. Kg3 Rc3+ 37. Nf3 Qd8 38. Qb8 Qxb8 39. Rxb8 Be2 40. Ra8+ Kb4 41. a5 Rxf3+ 0-1

[Event "Early-Titled-Tuesday-Blitz-August-29-2023"]
[Site "Chess.com"]
[Date "2023.08.29"]
[Round "1"]
[White "sofaceindisguise"]
[Black "DarZay"]
[Result "1-0"]
[WhiteElo "2612"]
[BlackElo "2269"]
[TimeControl "180+1"]
[EndTime "8:07:40 PDT"]
[Termination "sofaceindisguise won by resignation"]

1. d4 d5 2. c4 e6 3. Nf3 Be7 4. g3 Nf6 5. Bg2 O-O 6. O-O dxc4 7. Qc2 Bd7 8. Ne5 Nc6 9. Nxd7 Qxd7 10. e3 e5 11. d5 Nxd5 12. Rd1 Ndb4 13. Qe2 Nd3 14.
Nd2 b5 15. b3 c3 16. Ne4 Nxc1 17. Raxc1 Qe6 18. Nxc3 Rad8 19. Rxd8 Rxd8 20. Nxb5 Nb4 21. Nxc7 Qb6 22. Rc4 Nd3 23. Nd5 Rxd5 24. Bxd5 Nc5 25. Qg4 g6 26. Qc8+ Kg7 27. Qe8 Qf6 28. Qc6 Qxc6 29.
Bxc6 Nd3 30. Bd5 Nb4 31. e4 Nxa2 32. Rc7 Kf6 33. Rxa7 Nc3 34. Ra6+ Kg7 35. Kg2 Bc5 36. Rc6 Bd4 37. Rc7 Nxd5 38. exd5 Kf6 39. b4 e4 40. b5 Ke5 41. Rd7 f5 42. d6 Ke6 43.
Rxh7 Kxd6 44. Rh6 Kc5 45. Rxg6 Kxb5 46. Rg5 Kc4 47. Rxf5 Kd3 48. h4 Ke2 49. h5 1-0

[Event "Early-Titled-Tuesday-Blitz-August-29-2023"]
[Site "Chess.com"]
[Date "2023.08.29"]
[Round "1"]
[White "Romkachess"]
[Black "AleksandraMilovic"]
[Result "1/2-1/2"]
[WhiteElo "2538"]
[BlackElo "2073"]
[TimeControl "180+1"]
[EndTime "8:07:40 PDT"]
[Termination "Game drawn by agreement"]

1. e4 e5 2. d4 exd4 3. Qxd4 Nc6 4. Qe3 d6 5. Nc3 Nf6 6. Bd2 Be7 7. O-O-O O-O 8. f3 Be6 9. g4 d5 10. exd5 Nxd5 11. Nxd5 Qxd5 12. c4 Qc5 13. Qxc5 Bxc5 14. a3 Nd4 15. Bc3 Nc6 16. Bd3 a5 17. Ne2 a4 18. Kc2 Rfd8 19. Nf4 Nd4+ 20. Bxd4 Bxd4 21. Nxe6 fxe6 22. Rhe1 e5 23. Be4 c6 24. h4 Ra6 25. Re2 Rb6 26. Kb1 Rb3 27. h5 Rc8 28.
Bf5 Rc7 29. Be4 b5 30. c5 b4 31. axb4 Rxb4 32. Ka2 Kf7 33. g5 Bxc5 34. Rc1 Bd4 35. Rxc6 Rxc6 36. Bxc6 Ke6 37. Be4 h6 38. gxh6 gxh6 39.
Rc2 Kf6 40. Rg2 Rb3 41. Bc6 Rb4 42. Ka3 Rb3+ 43. Kxa4 Rxb2 44. Rg6+ Kf5 45. Be4+ Kf4 46. Rxh6 Rh2 47. Rh8 Kg5 48. Rg8+ Kf4 49. Rf8+ Kg5 50.
Rf5+ Kh6 51. Rf7 Rxh5 52. Kb5 Rh1 53. Kc6 Kg5 54. Kd5 Rc1 55. Rf5+ Kh4 56. Ke6 Kg3 57. Kf6 Ra1 58. Rg5+ Kf4 59. Rg4+ Ke3 60. Kf5 Ra7 61.
Rg6 Rf7+ 62. Rf6 Rxf6+ 63. Kxf6 Kf4 64. Ke6 1/2-1/2

[Event "Early-Titled-Tuesday-Blitz-August-29-2023"]
[Site "Chess.com"]
[Date "2023.08.29"]
[Round "1"]
[White "chito89"]
[Black "BigAl"]
[Result "0-1"]
[WhiteElo "2853"]
[BlackElo "2472"]
[TimeControl "180+1"]
[EndTime "8:07:41 PDT"]
[Termination "BigAl won by resignation"]

1. e4 c6 2. d4 d5 3. exd5 cxd5 4.
Bd3 Nc6 5. c3 Qc7 6. h3 g6 7. Nf3 Bf5 8. O-O Nf6 9. Re1 e6 10.
Ne5 Bxd3 11. Nxd3 Bd6 12. Bh6 Ne4 13. Nd2 f5 14. c4 O-O-O 15. cxd5 exd5 16. Rc1 Kb8 17.
Nf3 Qb6 18. Nfe5 Nxe5 19. dxe5 Bb4 20. Re2 Be7 21. Be3 d4 22. Bf4 Ka8 23. Rec2 g5 24.
Bh2 a6 25. Rc7 Nc3 26. bxc3 Qxc7 27. e6 Bd6 28. Bxd6 Qxd6 29. c4 Qxe6 30. c5 Rc8 31.
Qa4 g4 32. hxg4 fxg4 33. Nb4 g3 34. c6 gxf2+ 35. Kf1 Rhe8 36. Qd1 Qh6 37. cxb7+ Kxb7 38. Qf3+ Kb8 39. Nc6+ Rxc6 40. Rxc6 Re1+ 41. Kxf2 Qd2+ 42. Kg3 Re3 43. Rxa6 Rxf3+ 44. gxf3 Qg5+ 45. Kf2 Qe3+ 46. Kg3 Qe1+ 47. Kg4 d3 0-1

[Event "Early-Titled-Tuesday-Blitz-August-29-2023"]
[Site "Chess.com"]
[Date "2023.08.29"]
[Round "1"]
[White "GMG"]
[Black "DanielTitichoca"]
[Result "0-1"]
[WhiteElo "2712"]
[BlackElo "2423"]
[TimeControl "180+1"]
[EndTime "8:07:41 PDT"]
[Termination "DanielTitichoca won on time"]

1. d4 Nf6 2. c4 e6 3. Nf3 d5 4. Nc3 dxc4 5. e3 a6 6. a4 c5 7. Bxc4 Nc6 8. O-O b6 9. Qe2 cxd4 10. Rd1 Bb7 11. exd4 Nb4 12. Bg5 Be7 13. d5 exd5 14.
Bxf6 gxf6 15. Bb3 O-O 16. Nd4 Kh8 17. Nf5 Bc5 18. Qh5 d4 19. Ne2 Rg8 20. Neg3 Bd5 21. Nxd4 Rg5 22. Qh6 Bf8 23. Qh4 Rc8 24. Ndf5 Bxb3 25.
Rxd8 Rxd8 26. h3 Bc5 27. Qh6 Rg6 28. Qf4 Nd3 29. Qc7 Bxf2+ 30. Kh1 Rdg8 31. Qc3 Bxg3 32. Qxb3 Nf2+ 33. Kg1 Ne4 34. Qxf7 Be5 35. g4 Ng5 36. Qd7 Nxh3+ 37. Kf1 Rxg4 38. Ne7 Rf4+ 39. Ke2 Rg2+ 40.
Kd3 Rg3+ 41. Kc2 Rf2+ 42. Kb1 Rxb2+ 43. Kc1 Rg1+ 0-1

[Event "Early-Titled-Tuesday-Blitz-August-29-2023"]
[Site "Chess.com"]
[Date "2023.08.29"]
[Round "1"]
[White "AradNazari"]
[Black "GiorgianBarbosa"]
[Result "0-1"]
[WhiteElo "2758"]
[BlackElo "2436"]
[TimeControl "180+1"]
[EndTime "8:07:42 PDT"]
[Termination "GiorgianBarbosa won by checkmate"]

1. e4 c5 2. Nf3 g6 3. d4 cxd4 4. Nxd4 Bg7 5. c4 Nc6 6. Be3 Nf6 7. Nc3 O-O 8. Be2 Nxd4 9. Bxd4 d6 10. O-O Bd7 11. Qd2 Bc6 12. f3 Nd7 13. Be3 a5 14. b3 Nc5 15. Rac1 e6 16. Rfd1 Be5 17. Nb5 Qh4 18.
h3 Qg3 19. Nd4 Qh2+ 20. Kf1 Bxe4 21. Bg1 Qh1 22. fxe4 Nxe4 23. Qe3 f5 24. Nf3 Ng3+ 25. Kf2 Ne4+ 26. Kf1 Ng3+ 27. Ke1 Qxg2 28. Nxe5 dxe5 29. Bf2 Ne4 30. Bf3 Qxf2+ 31. Qxf2 Nxf2 32. Kxf2 e4 33. Bg2 Rfd8 34. Ke3 Kg7 35. c5 Kf6 36. Bf1 Ke5 37.
Bc4 f4+ 38. Kf2 g5 39. Bb5 h5 40. Bd7 g4 41. hxg4 hxg4 42. c6 g3+ 43. Kg2 Rh8 44. c7 Rh2+ 45. Kg1 Rah8 46. Kf1 Rh1+ 47. Ke2 R8h2# 0-1

[Event "Early-Titled-Tuesday-Blitz-August-29-2023"]
[Site "Chess.com"]
[Date "2023.08.29"]
[Round "1"]
[White "RobertoJBM"]
[Black "Balla_Tamas"]
[Result "1-0"]
[WhiteElo "2836"]
[BlackElo "2443"]
[TimeControl "180+1"]
[EndTime "8:07:43 PDT"]
[Termination "RobertoJBM won by resignation"]

1. d4 d5 2. c4 e6 3. Nc3 c5 4. cxd5 exd5 5. Nf3 Nc6 6. e3 Nf6 7. Be2 Bd6 8. dxc5 Bxc5 9. O-O O-O 10. a3 Bg4 11. b4 Bb6 12. Na4 Bc7 13. Bb2 Ne4 14. Rc1 Qd6 15. g3 Bh3 16. Re1 Rfe8 17. Nd4 Qg6 18. Bh5 Qg5 19. f4 Qh6 20. Bg4 Nxd4 21. Bxd4 Bxg4 22. Qxg4 Bb6 23. Nxb6 axb6 24. Rc7 Rxa3 25.
Rc8 Ra8 26. Rec1 Raxc8 27. Rxc8 Nd6 28. Rxe8+ Nxe8 29. Qd7 Qc6 30. Qxc6 bxc6 31. Bxb6 Nd6 32. Kg2 Kf8 33. Kf3 Ke7 34. Bc5 Ke6 35. Bxd6 Kxd6 36. e4 dxe4+ 37. Kxe4 c5 38. bxc5+ Kxc5 39. Ke5 Kc6 40.
f5 Kd7 41. g4 Ke7 42. h4 h5 43. gxh5 f6+ 44. Kd5 Kd7 45. h6 gxh6 46. h5 Kc7 47.
Ke6 1-0

[Event "Early-Titled-Tuesday-Blitz-August-29-2023"]
[Site "Chess.com"]
[Date "2023.08.29"]
[Round "1"]
[White "Kirill_Klukin"]
[Black "whiteglovethief"]
[Result "1-0"]
[WhiteElo "2802"]
[BlackElo "2426"]
[TimeControl "180+1"]
[EndTime "8:07:43 PDT"]
[Termination "Kirill_Klukin won on time"]

1. Nf3 d5 2. c4 c6 3. e3 Nf6 4. b3 Bg4 5. Bb2 e6 6. h3 Bxf3 7. Qxf3 Nbd7 8. g4 Bd6 9. Bg2 Qe7 10. g5 Ne4 11. h4 Ne5 12. Qe2 f6 13. Nc3 Nxc3 14.
Bxc3 dxc4 15. bxc4 Nf7 16. gxf6 gxf6 17. Rb1 e5 18.
Bh3 O-O 19. Qh5 Kh8 20. Bf5 Nd8 21. Ke2 Ne6 22. Rhg1 Rg8 23. Bc2 Nd4+ 24. Bxd4 exd4 25. Qf5 Rad8 26. Bd3 b6 27. a4 Rxg1 28. Rxg1 Rg8 29. Rxg8+ Kxg8 30. Qc8+ Kg7 31. Qxc6 dxe3 32. fxe3 Bb4 33.
Qg2+ Kf8 34. Qd5 Qd6 35. Qxd6+ Bxd6 36. Bxh7 Kg7 37. Bf5 Kh6 38. Bg4 Kg6 39. d4 f5 40. Bf3 Be7 41. h5+ Kg5 42. Kd3 a5 43.
Bd1 Bf8 44. e4 fxe4+ 45. Kxe4 Kf6 46. Kd5 Kf5 47. c5 bxc5 48. dxc5 Kf6 49. Kc6 Ke7 50. Kb7 1-0

[Event "Early-Titled-Tuesday-Blitz-August-29-2023"]
[Site "Chess.com"]
[Date "2023.08.29"]
[Round "1"]
[White "KejJaj"]
[Black "jsdbv18"]
[Result "0-1"]
[WhiteElo "2158"]
[BlackElo "2575"]
[TimeControl "180+1"]
[EndTime "8:07:43 PDT"]
[Termination "jsdbv18 won by resignation"]

1. d4 d5 2. Bf4 c5 3. e3 Nc6 4. Nf3 e6 5. Nbd2 Nf6 6. c3 cxd4 7. exd4 Nh5 8. Be3 Bd6 9. Ne5 Nf6 10. Ndf3 O-O 11.
Bd3 Ne4 12. Qc2 f5 13. g3 Bd7 14. h4 Rc8 15. a3 Be8 16. Ng5 Qe7 17. f3 Nxg3 18.
Rg1 Nh5 19. O-O-O b5 20. Qg2 a5 21. f4 b4 22. axb4 axb4 23. Be2 Nf6 24. Nxe6 g6 25. h5 Qxe6 26. hxg6 h6 27. g7 Rf7 28. Qh3 Ng4 29.
Bxg4 fxg4 30. Nxg4 Rf6 31. Nxf6+ Qxf6 32. Qxc8 Qe7 33.
Bd2 bxc3 34. Bxc3 Qd7 35. Qxd7 Bxd7 36. Rg6 Bxf4+ 37. Kb1 Bf5+ 38. Ka2 Bxg6 39. Rf1 Bg5 40. b4 Na7 41. Re1 Kxg7 42. Re6 Nb5 43. Bb2 Bf6 44.
Kb3 Nxd4+ 45. Bxd4 Bxd4 46. Rd6 Be4 47. b5 h5 48. b6 h4 49. b7 Ba7 50. Ra6 Bb8 51.
Ra8 Be5 52. b8=Q Bxb8 53. Rxb8 h3 54. Kc3 h2 55. Rb7+ Kg6 56. Rb6+ Kg5 57. Rb1 Bxb1 0-1

[Event "Early-Titled-Tuesday-Blitz-August-29-2023"]
[Site "Chess.com"]
[Date "2023.08.29"]
[Round "1"]
[White "GeorgiosSouleidis"]
[Black "Nbk90"]
[Result "1-0"]
[WhiteElo "2561"]
[BlackElo "2118"]
[TimeControl "180+1"]
[EndTime "8:07:43 PDT"]
[Termination "GeorgiosSouleidis won on time"]

1. e4 e6 2. d4 d5 3. Nc3 Bb4 4. Ne2 Nc6 5. exd5 exd5 6. a3 Ba5 7. Nf4 Nf6 8. Be2 O-O 9. O-O Bb6 10. Be3 Ne7 11. Na4 c6 12. Nxb6 axb6 13. c3 Nf5 14.
Bc1 Re8 15. Nd3 Qd6 16. Bf4 Qd8 17. Bf3 Ne4 18. Re1 Bd7 19. Ne5 Nfd6 20. h3 Bf5 21.
Bh2 f6 22. Nd3 Nc4 23. a4 Kh8 24. Nb4 Nxb2 25. Qb3 Nc4 26. Bxe4 Bxe4 27. Na2 Qd7 28. Nc1 h5 29. Ne2 Bd3 30. Qd1 Bxe2 31. Rxe2 Rxe2 32. Qxe2 Re8 33. Qxh5+ Kg8 34. Bg3 Qe6 35. Qf3 Qe4 36.
Qh5 Qe6 37. Kh2 Na5 38. f3 Nc4 39. Re1 1-0

[Event "Early-Titled-Tuesday-Blitz-August-29-2023"]
[Site "Chess.com"]
[Date "2023.08.29"]
[Round "1"]
[White "Dmitry_Konenkin"]
[Black "hitaman"]
[Result "0-1"]
[WhiteElo "2386"]
[BlackElo "2704"]
[TimeControl "180+1"]
[EndTime "8:07:46 PDT"]
[Termination "hitaman won by resignation"]

1. d4 Nf6 2. Bg5 e6 3. e4 h6 4.
Bxf6 Qxf6 5. Nc3 d6 6. Qd2 g6 7. O-O-O Bg7 8. f4 c6 9. Nf3 Nd7 10. g4 g5 11. f5 e5 12. dxe5 Nxe5 13. Nxe5 Qxe5 14. Qxd6 Qxd6 15. Rxd6 Be5 16. Rd3 Bd7 17. Bg2 Ke7 18. h3 Rad8 19. Rhd1 h5 20. Bf3 hxg4 21. Bxg4 f6 22. Ne2 Bc8 23. c3 Rxd3 24. Rxd3 c5 25.
Kc2 b5 26. Ng1 Bb7 27. Re3 Bf4 28. Re2 Re8 29. Bh5 Rh8 30. Bg4 Kd6 31. Nf3 Re8 32. Nd2 Bxd2 33. Rxd2+ Kc7 34. Re2 Rxe4 35. Kd3 Rxe2 36.
Kxe2 Kd6 37. Ke3 Ke5 38. b3 b4 39. cxb4 cxb4 40. Kd3 Be4+ 41. Kc4 Bxf5 42. Kxb4 Bxg4 43. hxg4 f5 44. gxf5 Kxf5 45. Kc5 g4 46. Kd4 g3 47. Ke3 Kg4 48. Ke2 Kh3 49. Kf1 Kh2 50. Ke2 g2 51. Kd3 g1=Q 52. Kc3 Qc5+ 0-1

[Event "Early-Titled-Tuesday-Blitz-August-29-2023"]
[Site "Chess.com"]
[Date "2023.08.29"]
[Round "1"]
[White "vi_pranav"]
[Black "ChainedDowntohell"]
[Result "1-0"]
[WhiteElo "2999"]
[BlackElo "2509"]
[TimeControl "180+1"]
[EndTime "8:07:47 PDT"]
[Termination "vi_pranav won on time"]

1. Nf3 b6 2. g3 Bb7 3. Bg2 c5 4. O-O e6 5. d3 d6 6. Nbd2 Nf6 7. e4 Be7 8. Nh4 Nfd7 9. Nhf3 O-O 10. Re1 Nc6 11.
Nc4 Nde5 12. Nfxe5 dxe5 13. h4 b5 14. Nd2 Nd4 15. h5 h6 16. a4 a6 17. Nf1 Bg5 18. Ne3 Qc7 19. Rf1 f5 20. c3 Nc6 21. exf5 exf5 22. axb5 axb5 23. Rxa8 Bxa8 24. Qb3+ Kh8 25. Qxb5 f4 26. Nd5 Qd6 27. Nb6 Rb8 28. Nc4 Qxd3 29. Qxc5 f3 30. Bxg5 fxg2 31. Re1 hxg5 32. Nxe5 Nxe5 33.
Qxe5 Qd8 34. h6 Rb7 35. Qe8+ Qxe8 36. Rxe8+ Kh7 37. hxg7 Kxg7 38. Rxa8 Rxb2 39. Kxg2 Rc2 40. Rc8 g4 41. Rc4 Kf6 42. Rxg4 Rxc3 43. Rf4+ Kg5 44. Rf3 Rc2 45. Ra3 Rb2 46. Ra5+ Kg4 47. Ra4+ Kg5 48. Rf4 Rc2 49. Kh3 Rc3 50. f3 Rb3 51. Rf8 Rb2 52. f4+ Kg6 53. Kg4 Rb4 54. Ra8 Rc4 55. Ra6+ Kf7 56. Kg5 Rc3 57. g4 Rb3 58. f5 Kg8 59.
Ra7 Rb6 60. f6 Rb4 61. Kf5 1-0

[Event "Early-Titled-Tuesday-Blitz-August-29-2023"]
[Site "Chess.com"]
[Date "2023.08.29"]
[Round "1"]
[White "Let_it_be_1"]
[Black "LileKoridze"]
[Result "0-1"]
[WhiteElo "2614"]
[BlackElo "2314"]
[TimeControl "180+1"]
[EndTime "8:07:47 PDT"]
[Termination "LileKoridze won by resignation"]

1. e4 c5 2. Nf3 d6 3. d4 cxd4 4. Nxd4 Nf6 5. Nc3 a6 6. Be2 e5 7. Nb3 Be7 8. O-O O-O 9. Kh1 Be6 10. f4 exf4 11. Bxf4 Nc6 12. Qe1 Ne5 13. Rd1 Qc7 14. Qg3 Kh8 15. Nd4 b5 16. a3 Rac8 17.
Nxe6 fxe6 18. Qh3 Nc4 19. Bc1 e5 20. Bxc4 Qxc4 21. Qd3 Ng4 22. Kg1 Qc5+ 23. Kh1 Rxf1+ 24. Rxf1 Nf2+ 25. Rxf2 Qxf2 26. Be3 Qe1+ 27. Bg1 Rf8 28. h3 Rf1 29. Ne2 h6 30. Kh2 Bg5 31. b3 Qd1 32. a4 Qxd3 33. cxd3 Re1 34. Nc3 Bf4+ 35. g3 Bxg3+ 36. Kxg3 Rxg1+ 37. Kf2 Rc1 38. Nd5 bxa4 39.
bxa4 Ra1 40. Nb6 Rh1 41. Nc4 Rxh3 42. Ke2 Rh2+ 43. Ke3 Ra2 44. Nxd6 Rxa4 45. Nf7+ Kh7 46. Nxe5 h5 47. d4 h4 48. d5 h3 49. Ng4 Kg6 50. d6 Kf7 51. Ne5+ Ke6 52. d7 Ke7 53. Kf3 h2 54. Kg2 Rxe4 0-1

[Event "Early-Titled-Tuesday-Blitz-August-29-2023"]
[Site "Chess.com"]
[Date "2023.08.29"]
[Round "1"]
[White "Gyulamiryan-koryun"]
[Black "likantrophuss"]
[Result "0-1"]
[WhiteElo "2059"]
[BlackElo "2546"]
[TimeControl "180+1"]
[EndTime "8:07:48 PDT"]
[Termination "likantrophuss won by resignation"]

1. d4 Nf6 2. c4 e6 3. Nf3 d5 4. g3 Bb4+ 5. Bd2 Bxd2+ 6. Nbxd2 O-O 7. Bg2 b6 8. O-O Bb7 9. Qc2 dxc4 10. Qxc4 Nbd7 11. Rac1 Rc8 12. Rfd1 Qe7 13. Qa4 a6 14. Ne5 Bxg2 15. Nxd7 Qxd7 16. Qxd7 Nxd7 17. Kxg2 Rfd8 18. e4 Nf6 19. e5 Ng4 20. Ne4 Nh6 21. Nc3 Nf5 22. Ne2 h5 23. h3 Rd7 24. g4 hxg4 25. hxg4 Ne7 26. Kf3 Rcd8 27. Ke4 c5 28. Rd2 Nc6 29.
Rcd1 Rd5 30. f4 g5 31. Ke3 cxd4+ 32. Nxd4 gxf4+ 33. Ke4 Rxe5+ 34. Kxf4 Red5 35. Ke4 Nxd4 36. Rxd4 f5+ 37. gxf5 exf5+ 38. Ke3 Rxd4 39. Rxd4 Rxd4 40. Kxd4 Kf7 41. Ke5 Kg6 42. Kf4 Kf6 43. a3 Ke6 44.
b3 Kf6 45. a4 Ke6 46. b4 Kf6 47. a5 b5 48. Ke3 Ke5 49. Kf3 Kd4 50. Kf4 Kc4 51. Kxf5 Kxb4 0-1

[Event "Early-Titled-Tuesday-Blitz-August-29-2023"]
[Site "Chess.com"]
[Date "2023.08.29"]
[Round "1"]
[White "FARIZA2018"]
[Black "abhidabhi"]
[Result "1-0"]
[WhiteElo "2511"]
[BlackElo "2901"]
[TimeControl "180+1"]
[EndTime "8:07:49 PDT"]
[Termination "FARIZA2018 won by resignation"]

1. e4 c5 2. Nf3 Nc6 3. d4 cxd4 4. Nxd4 Nf6 5. Nc3 d6 6. Bg5 Bd7 7. Qd2 a6 8. O-O-O e6 9. f3 Nxd4 10. Qxd4 Be7 11. h4 Qc7 12. Kb1 b5 13. g4 Rc8 14.
Bd3 e5 15. Qe3 b4 16. Ne2 a5 17. Bxf6 Bxf6 18. g5 Be7 19. f4 a4 20. f5 Qc5 21.
Qd2 Bc6 22. Rdf1 d5 23. Ng3 a3 24. f6 gxf6 25. gxf6 Bf8 26. exd5 Bxd5 27. Be4 Bh6 28. Qxd5 Qxd5 29. Bxd5 axb2 30. Nf5 Rc5 31. Bxf7+ Kxf7 32. Nxh6+ Kg6 33. Ng4 h5 34. Ne3 Kf7 35. Rhg1 Rh7 36. Rg5 Rc6 37. Nd5 Ke6 38. Nxb4 Rc4 39.
Nd3 e4 40. Nf4+ Kxf6 41. Nxh5+ Ke6 42. Rf6+ Kd7 43. Ra6 Re7 44. Nf6+ Kc8 45. Rb5 Kd8 46. Ra8+ Rc8 47. Rd5+ Kc7 48. Rc5+ Kb7 49. Raxc8 e3 50. Re8 1-0

[Event "Early-Titled-Tuesday-Blitz-August-29-2023"]
[Site "Chess.com"]
[Date "2023.08.29"]
[Round "1"]
[White "komogro"]
[Black "Rsnr"]
[Result "0-1"]
[WhiteElo "2477"]
[BlackElo "2901"]
[TimeControl "180+1"]
[EndTime "8:07:49 PDT"]
[Termination "Rsnr won on time"]

1. Nf3 d5 2. d4 Nf6 3. c4 c6 4. Nc3 dxc4 5. a4 Bf5 6. e3 e6 7.
Bxc4 Bb4 8. O-O Nbd7 9. Qe2 Bg6 10. Rd1 O-O 11. Ne5 Nxe5 12. dxe5 Nd7 13. f4 Qe7 14. Bd2 Nb6 15. Bb3 a5 16. Kh1 Rfd8 17. e4 Qh4 18. Be3 Bh5 19. Rxd8+ Rxd8 20. Qf2 Qxf2 21. Bxf2 Nc8 22. Be3 Rd3 23. Re1 Kf8 24. h3 Bxc3 25. bxc3 Rxc3 26. Ba2 Bg6 27. Bd4 Rc2 28. Bb3 Rd2 29.
Bc5+ Ke8 30. Re3 b6 31. Ba3 c5 32. g4 Rd3 33. Bc1 Bxe4+ 34. Kg1 Rxe3 35. Bxe3 Ne7 36. Kf2 Nc6 37. Bc4 Ke7 38. Kg3 f6 39. exf6+ gxf6 40.
h4 Bc2 41. g5 Bxa4 42. Bd3 f5 43. h5 Nb4 44. Bb1 Bc2 45. Bxc2 Nxc2 46. Bd2 Nd4 47.
h6 Kf7 48. Bc3 Ne2+ 49. Kf2 Nxc3 0-1

[Event "Early-Titled-Tuesday-Blitz-August-29-2023"]
[Site "Chess.com"]
[Date "2023.08.29"]
[Round "1"]
[White "bipe137"]
[Black "attack2mateU"]
[Result "0-1"]
[WhiteElo "2409"]
[BlackElo "2737"]
[TimeControl "180+1"]
[EndTime "8:07:50 PDT"]
[Termination "attack2mateU won on time"]

1. d4 Nf6 2. c4 g6 3. Nc3 d5 4. cxd5 Nxd5 5. e4 Nxc3 6. bxc3 Bg7 7. Bc4 c5 8. Ne2 Nc6 9. Be3 O-O 10. h4 cxd4 11.
cxd4 Qa5+ 12. Kf1 Qa3 13. h5 Bg4 14. hxg6 hxg6 15. Rh4 Bxe2+ 16. Bxe2 Rfd8 17. d5 e6 18. Bc4 Na5 19. Be2 Rac8 20. Bd4 e5 21. Bxa7 Nc4 22. Bxc4 Qxa7 23. Bb3 Bf6 24. Rh3 Qc5 25. Qd2 Qf8 26.
Rd1 Qg7 27. Rc3 Be7 28. Rdc1 Rxc3 29. Qxc3 Qh6 30. Kg1 Bd6 31. Rc2 Kg7 32. Qh3 Qf4 33.
Qf3 Qh4 34. g3 Qh6 35. Qg2 Rh8 36. Bc4 Qg5 37. Bd3 b6 38. Be2 Bc5 39. Bd3 f5 40. exf5 gxf5 41. Be2 e4 42. d6 Bxd6 43. Rc6 Bc5 44.
Qf1 Qxg3+ 45. Qg2 Bxf2+ 46. Kf1 Qxg2+ 47. Kxg2 Bc5 48. Rc7+ Kf6 49. Rc6+ Ke5 50. Rg6 f4 0-1

[Event "Early-Titled-Tuesday-Blitz-August-29-2023"]
[Site "Chess.com"]
[Date "2023.08.29"]
[Round "1"]
[White "Itk04"]
[Black "NasirAkylbekov"]
[Result "0-1"]
[WhiteElo "2672"]
[BlackElo "2422"]
[TimeControl "180+1"]
[EndTime "8:07:50 PDT"]
[Termination "NasirAkylbekov won by resignation"]

1. d4 Nf6 2. c4 e6 3. Nc3 Bb4 4. Nf3 O-O 5. g3 b6 6. Bg2 Bb7 7. O-O Bxc3 8. bxc3 d6 9. Qc2 Be4 10. Qb3 Nbd7 11. a4 Qe7 12. a5 h6 13. Ba3 c5 14. Qa4 Rfc8 15. Rfd1 Bc6 16. Qc2 Be4 17.
Qa4 Bc6 18. Qb3 Rab8 19. axb6 Rxb6 20. Qa2 Rcb8 21. Rab1 Be4 22. Rxb6 Rxb6 23. Nd2 Bxg2 24. Kxg2 Qd8 25. Rb1 Qc7 26. f3 d5 27. dxc5 Nxc5 28.
Bxc5 Qxc5 29. Qxa7 Rc6 30. Rb8+ Kh7 31. Qxc5 Rxc5 32.
Rb5 Rc7 33. Rb4 dxc4 34. e4 Rd7 35. Nxc4 Rd3 36. Rb3 Nd7 37. Kf2 Nc5 38. Ra3 Rd1 39. Ke2 Rh1 40. h4 f6 41. Ra5 Nb3 42. Rb5 Rh2+ 43.
Kd1 Rh1+ 44. Kc2 Nc1 45. Kd2 Na2 46. Rb2 Rh2+ 47. Kd3 Nc1+ 48. Kd4 e5+ 49. Kc5 Nd3+ 50. Kd5 Nxb2 0-1

[Event "Early-Titled-Tuesday-Blitz-August-29-2023"]
[Site "Chess.com"]
[Date "2023.08.29"]
[Round "1"]
[White "laskakid"]
[Black "noblerone"]
[Result "1-0"]
[WhiteElo "2165"]
[BlackElo "2553"]
[TimeControl "180+1"]
[EndTime "8:07:50 PDT"]
[Termination "laskakid won by checkmate"]

1. d4 d5 2. c4 c6 3. Nf3 Nf6 4. Nc3 dxc4 5. a4 Bf5 6. e3 e6 7. Bxc4 Bb4 8. O-O O-O 9. Qe2 Bg6 10. Ne5 Nbd7 11. Nxg6 hxg6 12. Rd1 Qa5 13. Bd2 Rad8 14.
Be1 Rfe8 15. h3 e5 16. d5 e4 17.
dxc6 bxc6 18. Qc2 Nb6 19. Ba2 Nbd5 20. Qb3 Rb8 21. Qc4 Qb6 22. Rac1 a5 23. Rc2 Rbc8 24. Ne2 Red8 25. Nd4 Bxe1 26. Rxe1 Qb4 27. Rec1 Qxc4 28.
Rxc4 Nb4 29. Bb3 Nd3 30. R1c2 Nb4 31. Rc1 Nd3 32. R1c2 Nd5 33. Nxc6 Kf8 34. Nxd8 Rxd8 35. Rc8 Ke7 36. Rxd8 N5b4 37. Rcc8 Nxb2 38. Re8+ Kd7 39.
Bxf7 N4d3 40. Ra8 Nc5 41. Rxa5 Nbd3 42. Ra7+ Kd6 43. a5 g5 44. a6 g4 45. hxg4 g5 46.
Raa8 Nxa6 47. Rxa6+ Kc5 48. Rc8+ Kb5 49. Ra7 Nc5 50.
Be8+ Kb6 51. Ra1 Ne6 52. Rb1+ Ka7 53. Rc2 Nc5 54. Ra2+ Na6 55. Rbb2 Ka8 56. Rxa6# 1-0

[Event "Early-Titled-Tuesday-Blitz-August-29-2023"]
[Site "Chess.com"]
[Date "2023.08.29"]
[Round "1"]
[White "GroovyKettle"]
[Black "ExchangeAB"]
[Result "1/2-1/2"]
[WhiteElo "2899"]
[BlackElo "2490"]
[TimeControl "180+1"]
[EndTime "8:07:51 PDT"]
[Termination "Game drawn by repetition"]

1. Nf3 d5 2. g3 c6 3. Bg2 Nf6 4.
O-O Bf5 5. d3 h6 6. c4 e6 7. Qb3 Qb6 8. Qc2 Bh7 9. b3 Be7 10.
Bb2 O-O 11. Nbd2 Nbd7 12. Rfe1 a5 13. a3 Rfc8 14. Rab1 Qa6 15. Ne5 Nxe5 16. Bxe5 Bxa3 17. Bxf6 gxf6 18. e4 Bb4 19. Re2 Bxd2 20. Qxd2 Kg7 21. e5 f5 22. Qf4 Qb6 23. Reb2 Qd8 24. h4 b5 25. Rc1 Ra7 26. Rbc2 Rac7 27. Bf3 a4 28.
bxa4 bxa4 29. cxd5 cxd5 30. Qxa4 Rxc2 31. Rxc2 Rxc2 32.
Qxc2 Qb8 33. Qe2 f4 34. Bg2 fxg3 35. fxg3 Qb6+ 36. Kh2 Qd4 37. Bf1 Bf5 38. Kg2 f6 39. exf6+ Kxf6 40. Qc2 Qe3 41. Qc3+ d4 42. Qa3 Qd2+ 43.
Kg1 Qe3+ 44. Kh2 Qf2+ 45. Bg2 Kf7 46. Qa7+ Kg8 47. Qb8+ Kg7 48. Qc7+ Kg8 49. Qd8+ Kg7 50. Qe7+ Kg8 51. Qf6 Kh7 52. Qf7+ Kh8 53. Qf6+ Kh7 54. Qe7+ Kh8 55. Qf8+ Kh7 56. h5 Qe3 57. Qf7+ Kh8 58.
Qf6+ Kh7 59. Qf7+ Kh8 60. Qf8+ Kh7 61. Qf7+ 1/2-1/2